 Dungeon Crawl Stone Soup version 0.21-a0-110-g8e1637b (webtiles) character file.

78 potam12345 the Skirmisher (level 4, 0/35 HPs)
             Began as a Demonspawn Abyssal Knight on July 8, 2017.
             Was a Believer of Lugonu.
             Succumbed to a worker ant's poison
             ... on level 4 of the Dungeon.
             The game lasted 00:19:24 (3413 turns).

potam12345 the Skirmisher (DsAK)                    Turns: 3413, Time: 00:19:25

Health: 0/35       AC:  9    Str: 13    XL:     4   Next: 15%
Magic:  5/5        EV:  6    Int: 14    God:    Lugonu [**....]
Gold:   91         SH:  0    Dex: 12    Spells: 3/3 levels left

rFire    . . .     SeeInvis .   a - +2 short sword
rCold    . . .     Gourm    .   (no shield)
rNeg     . . .     Faith    .   m - +1 chain mail
rPois    .         Spirit   .   (helmet restricted)
rElec    .         Reflect  .   (no cloak)
rCorr    .         Harm     .   (no gloves)
MR       .....                  (no boots)
Stlth    ..........             (no amulet)
HPRegen  0.11/turn              (no ring)
MPRegen  0.09/turn              (no ring)

@: lethally poisoned (0 -> -8)
A: antennae 1, nightstalker 1, rot immunity
a: Depart the Abyss, Bend Space, Renounce Religion


You were on level 4 of the Dungeon.
You worshipped Lugonu.
Lugonu was pleased with you.
You were not hungry.

You visited 1 branch of the dungeon, and saw 4 of its levels.
You visited the Abyss 1 time.

You collected 91 gold pieces.

Inventory:

Hand Weapons
 a - a +2 short sword (weapon)
 e - a +0 dagger
 q - a +0 dagger
 v - a +0 club
 w - a +0 dagger
Missiles
 f - 39 arrows
 k - 39 stones (quivered)
 y - 6 tomahawks
Armour
 b - a +0 leather armour
 j - a +0 cloak
 m - a +1 chain mail (worn)
 n - a +0 chain mail
 p - a +0 scale mail
Scrolls
 h - 2 scrolls of identify
 u - a scroll of amnesia {unknown}
 z - a scroll of recharging {unknown}
Potions
 d - a potion of curing {unknown}
 g - a potion of ambrosia {unknown}
 i - a potion of degeneration {unknown}
 l - a potion of heal wounds {unknown}
 r - a potion of haste {unknown}
 s - a potion of berserk rage {unknown}
Comestibles
 c - a bread ration
 t - a chunk of flesh
 x - 4 fruits


   Skills:
 + Level 3.4 Fighting
 + Level 3.0 Short Blades
 + Level 2.3 Armour
 + Level 1.3 Dodging
 + Level 0.4 Stealth
 + Level 2.4 Invocations


You had 3 spell levels left.
You didn't know any spells.

Dungeon Overview and Level Annotations

Branches:
Dungeon (4/15)
 Temple: D:4-7

Altars:
Elyvilon

Annotations:
D:3 Sigmund


Innate Abilities, Weirdness & Mutations

You have a pair of small antennae on your head.
You are slightly more attuned to the shadows.
You are immune to rotting.


Message History

Something hits you but does no damage.
You climb downwards.
A worker ant comes into view.
The worker ant twitches its antennae in your direction.
Found a stone staircase leading down.
There is a stone staircase leading up here.
Throwing (i - inventory. (,) - cycle):
k - 40 stones (quivered)
Press: ? - help, Shift-Dir - straight line, f - worker ant
Aim: a worker ant You throw a stone.
The stone hits the worker ant.
The worker ant is lightly wounded.
The worker ant barely misses you.
There is a stone staircase leading down here.
You hit the worker ant but do no damage.
The worker ant bites you.
* * * LOW HITPOINT WARNING * * *
You are lethally poisoned!
The worker ant poisons you!
You closely miss the worker ant.
You die...

##############
..............
#(a@<......
#...#########
###


You could see a worker ant.

Vanquished Creatures
  2 adders (D:2)
  3 dart slugs
  A leopard gecko (D:2)
  An orc (D:3)
  6 bats
  A giant cockroach (D:2)
  5 goblins
  7 hobgoblins
  6 jackals
  A quokka (D:3)
  2 ball pythons (D:2)
  4 frilled lizards
  8 kobolds
47 creatures vanquished.

Notes
Turn   | Place    | Note
-------+----------+-------------------------------------------
     0 | Abyss:1  | potam12345 the Demonspawn Abyssal Knight began the quest for the Orb.
     0 | Abyss:1  | Reached XP level 1. HP: 18/18 MP: 2/2
     0 | D:1      | Escaped the Abyss
    91 | D:1      | Reached * piety under Lugonu
   127 | D:1      | Gained mutation: You are slightly more attuned to the shadows. [demonic ancestry]
   127 | D:1      | Reached XP level 2. HP: 8/24 MP: 3/3
   151 | D:1      | Reached skill level 1 in Dodging
   813 | D:1      | Gained mutation: You have a pair of small antennae on your head. [demonic ancestry]
   813 | D:1      | Reached XP level 3. HP: 20/29 MP: 4/4
   926 | D:2      | Found a white marble altar of Elyvilon.
  2200 | D:2      | Reached ** piety under Lugonu
  2274 | D:2      | Gained mutation: You are immune to rotting. [demonic ancestry]
  2274 | D:2      | Reached XP level 4. HP: 33/35 MP: 5/5
  2403 | D:3      | Noticed Sigmund
  3412 | D:4      | HP: 1/35 [worker ant (6)]
  3413 | D:4      | Succumbed to a worker ant's poison

Vault maps used:
D:1:      evilmike_arrival_crescent
D:2:      first_bread, elyvilon_altar_5
D:3:      fountainhead, uniq_sigmund, uniq_grinder
D:4:      makhleb_heckhound_becter, amethyst_overflow_temple_binary,
          feat_on_display

Skill      XL: |  1  2  3  4 |
---------------+-------------+-----
Short Blades   | 2 3 |  3.0
Dodging        | 1 |  1.3
Armour         | 2 |  2.3
Fighting       | |  3.4
Stealth        | |  0.4
Invocations    | |  2.4

Action                   |  1- 3 |  4- 6 || total
-------------------------+-------+-------++-------
Melee: Short sword       |   143 |    50 ||   193
Throw: Stone             |     8 |     4 ||    12
Invok: Depart the Abyss  |     1 |       ||     1
  Use: Scroll            |     2 |     2 ||     4
  Eat: Meat ration       |     1 |       ||     1
       Bread ration      |       |     1 ||     1
Armor: Leather armour    |    26 |       ||    26
       Chain mail        |    33 |    30 ||    63
Dodge: Dodged            |    82 |    15 ||    97
